 Dungeon Crawl Stone Soup version 0.18-a0-1718-g40ea4b6 (webtiles) character file.

9512 abixa the Grappler (level 11, -28/111 HPs)
             Began as a Troll Warper on Apr 8, 2016.
             Was a High Priest of Okawaru.
             Annihilated by a wolf spider simulacrum (29 damage)
             ... in an ice cave.
             The game lasted 00:45:54 (9321 turns).

abixa the Grappler (Troll Warper)                   Turns: 9321, Time: 00:45:55

Health: -28/111    AC:  8    Str: 21    XL:     11   Next: 24%
Magic:  9/11       EV: 12    Int: 12    God:    Okawaru [*****.]
Gold:   567        SH:  0    Dex:  9    Spells: 4 memorised, 3 levels left

rFire  . . .     SeeInvis .       - Unarmed
rCold  . . .     Gourm    +     a - +0 robe
rNeg   . . .     Faith    +     (no shield)
rPois  .         Spirit   .     (helmet restricted)
rElec  .         Dismiss  .     (no cloak)
rCorr  .         Reflect  .     (gloves unavailable)
SustAt .         Harm     .     (boots unavailable)
MR     .....                    e - amulet of faith
Stlth  ++........               (no ring)
                                l - +3 ring of protection

@: heroism, not resistant to hostile enchantments, unstealthy
A: unfitting armour, claws 3, fast metabolism 3, gourmand, regeneration 2,
shaggy fur 1, tough skin 2
a: Heroism, Finesse, Renounce Religion


You were in an ice cave.
You worshipped Okawaru.
Okawaru was extremely pleased with you.
You were full.

You visited 1 branch of the dungeon, and saw 11 of its levels.
You also visited: Ice Cave.

You collected 567 gold pieces.

Inventory:

Hand Weapons
 J - a +0 blowgun
 P - a +3 halberd
Missiles
 p - 12 poisoned needles
 x - 5 tomahawks of dispersal
 M - 2 javelins
 R - 7 poisoned tomahawks
 S - 7 large rocks (quivered)
 T - 4 poisoned javelins
Armour
 a - a +0 robe (worn)
 D - a +0 shield
Jewellery
 e - an amulet of faith (around neck)
 l - a +3 ring of protection (left claw)
Wands
 I - a wand of lightning (4/15)
Scrolls
 c - 3 scrolls of blinking
 g - a scroll of fog {unknown}
 m - 4 scrolls of remove curse
 v - 5 scrolls of magic mapping
 z - 4 scrolls of fear
 A - 2 scrolls of teleportation
 B - a scroll of recharging {unknown}
 G - 3 scrolls of random uselessness {unknown}
 L - a scroll of amnesia {unknown}
 O - 2 scrolls of immolation
 U - a scroll of enchant weapon {unknown}
Potions
 i - 4 potions of might
 j - 2 potions of degeneration {unknown}
 n - 2 potions of resistance
 q - a potion of flight {unknown}
 s - a potion of mutation {unknown}
 t - a potion of ambrosia {unknown}
 C - 2 potions of agility
 E - 2 potions of cancellation {unknown}
 H - 3 potions of curing
 K - a potion of lignification {unknown}
Books
 b - a book of Spatial Translocations

   Spells                             Type                      Level
   a - Apportation                    Translocation                1
   b - Blink                          Translocation                2
   c - Shroud of Golubria             Charms/Translocation         2
   d - Portal Projectile              Translocation                3
   e - Teleport Other                 Translocation                3
   f - Passage of Golubria            Translocation                4
Comestibles
 o - a royal jelly
 r - 4 meat rations
 w - 2 beef jerkies


   Skills:
 - Level 7.8(12.8) Fighting
 + Level 4.3(9.3) Throwing
 - Level 1.9(6.9) Dodging
 - Level 11.0(16.0) Unarmed Combat
 - Level 1.2 Spellcasting
 - Level 7.4 Translocations
 - Level 2.0 Invocations


You had 3 spell levels left.
You knew the following spells:

 Your Spells              Type           Power        Failure   Level  Hunger
a - Apportation           Tloc           ###.......   1%          1    ##.....
b - Blink                 Tloc           N/A          1%          2    ###....
c - Portal Projectile     Tloc           ###...       4%          3    ####...
d - Teleport Other        Tloc           ###.....     4%          3    ####...


Dungeon Overview and Level Annotations

Branches:
Dungeon (11/15)            Temple (0/1) D:7            Lair (0/8) D:10
    Orc (0/2) D:11

Altars:
Dithmenos
Fedhas
Nemelex Xobeh
Okawaru
Ru
Sif Muna
Vehumet
Yredelemnul
Zin

Shops:
D:7 :   D:11 ([

Annotations:
D:11 2 exclusions, Harold


Innate Abilities, Weirdness & Mutations

You are too large for most types of armour.
You have claws for hands.
Your metabolism is lightning-fast.
You like to eat raw meat.
You heal very quickly.
You are covered in fur (AC +1).
You have very tough skin (AC +2).


Message History

The large rock hits the wolf spider simulacrum.
You claw the wolf spider simulacrum! The wolf spider simulacrum hits you!
The wolf spider simulacrum freezes you!!
The wolf spider simulacrum bites you!
The wolf spider simulacrum freezes you!!
The wolf simulacrum bites you. The wolf simulacrum freezes you!
Read which item? (? for menu, Esc to quit)
As you read the scroll of fear, it crumbles to dust.
You assume a fearsome visage.
The wolf spider simulacrum is unaffected.
The polar bear simulacrum is unaffected.
The wolf simulacrum is unaffected. x2; The wolf simulacrum barely misses you.
The wolf spider simulacrum hits you.
* * * LOW HITPOINT WARNING * * *
The wolf spider simulacrum freezes you!!
* * * LOW HITPOINT WARNING * * *
The wolf spider simulacrum bites you!
* * * LOW HITPOINT WARNING * * *
The wolf spider simulacrum freezes you!!
You die...

#####
##...##
##..∩..##
#.......#
#...@...#
##.ZZZ.##
##...##
#.(.#
##.Z.
#...#
...##
..##


You could see 2 wolf simulacra, a polar bear simulacrum and a wolf spider
simulacrum.

Vanquished Creatures
  An unseen horror (D:9)
  A hill giant (D:10)
  A griffon (D:9)
  A troll (D:10)
  Prince Ribbit (D:6)
  Sigmund (D:2)
  A human (D:9)
  2 wraiths
  A wyvern (D:10)
  9 yaks
  2 basilisks (D:10)
  2 hungry ghosts
  A hippogriff (D:8)
  Edmund (D:5)
  2 soldier ants
  2 water moccasins
  2 porcupines (D:10)
  5 orc warriors
  2 black bears
  4 sky beasts
  A phantom (D:6)
  4 ogres
  2 centaurs
  2 big kobolds
  2 giant frogs
  8 scorpions
  4 wights (D:8)
  A howler monkey (D:3)
  2 crimson imps
  A centaur zombie (D:9)
  A giant frog zombie (D:11)
  6 hounds
  3 human zombies (D:8)
  5 jellies
  4 orc priests
  A centaur skeleton (D:4)
  An iguana (D:5)
  Terence (D:2)
  A human skeleton (D:8)
  6 orc wizards
  10 worker ants
  3 sheep (D:9)
  An ogre skeleton (D:8)
  2 mummies (D:8)
  A worker ant zombie (D:9)
  4 gnolls (D:2)
  A howler monkey skeleton (D:8)
  8 adders
  4 river rats (D:10)
  2 shadow imps
  12 white imps (D:11)
  An ooze (D:6)
  2 adder zombies (D:9)
  An adder skeleton (D:9)
  2 worms (D:3)
  3 dart slugs
  5 giant geckos
  34 orcs
  A ball python (D:4)
  18 bats
  7 giant cockroaches
  5 goblins
  7 hobgoblins
  2 jackals (D:1)
  2 quokkas
  4 giant newts
  18 kobolds
  A quokka skeleton (D:9)
  11 rats
  4 fungi (D:6)
274 creatures vanquished.

Vanquished Creatures (others)
  A centaur (D:5)
  A fungus (D:10)
2 creatures vanquished.

Grand Total: 276 creatures vanquished

Notes
Turn   | Place    | Note
--------------------------------------------------------------
     0 | D:1      | abixa the Troll Warper began the quest for the Orb.
     0 | D:1      | Reached XP level 1. HP: 19/19 MP: 1/1
   137 | D:1      | Reached XP level 2. HP: 27/27 MP: 2/2
   150 | D:1      | Reached skill level 3 in Unarmed Combat
   359 | D:1      | Reached XP level 3. HP: 31/33 MP: 3/3
   744 | D:2      | Noticed Terence
   754 | D:2      | Killed Terence
   754 | D:2      | Reached skill level 4 in Unarmed Combat
   759 | D:2      | Reached XP level 4. HP: 21/41 MP: 4/4
   787 | D:2      | Noticed Sigmund
   821 | D:2      | Killed Sigmund
   821 | D:2      | Reached skill level 6 in Unarmed Combat
   821 | D:2      | Reached XP level 5. HP: 29/48 MP: 5/5
   825 | D:2      | Learned a level 2 spell: Blink
   969 | D:2      | Reached XP level 6. HP: 41/57 MP: 6/6
  1988 | D:4      | Identified the Compendium of Floating Ice
  2251 | D:4      | Reached XP level 7. HP: 66/66 MP: 7/7
  2412 | D:5      | Entered Level 5 of the Dungeon
  2486 | D:5      | Found a blossoming altar of Fedhas.
  2610 | D:5      | Noticed Edmund
  2633 | D:5      | Killed Edmund
  2633 | D:5      | Reached skill level 7 in Unarmed Combat
  3269 | D:6      | Found a glowing silver altar of Zin.
  3307 | D:6      | Found an iron altar of Okawaru.
  3308 | D:6      | Noticed Prince Ribbit
  3314 | D:6      | Became a worshipper of Warmaster Okawaru
  3327 | D:6      | Killed Prince Ribbit
  3327 | D:6      | Reached XP level 8. HP: 33/78 MP: 8/8
  3356 | D:6      | Found a sacrificial altar of Ru.
  3374 | D:6      | Reached * piety under Okawaru
  3553 | D:6      | Reached skill level 1 in Throwing
  4009 | D:6      | Reached ** piety under Okawaru
  4009 | D:6      | Reached skill level 1 in Invocations
  4124 | D:6      | Found a sparkling altar of Nemelex Xobeh.
  4300 | D:7      | Found Cifamnah's Book Boutique.
  4347 | D:7      | Reached XP level 9. HP: 85/85 MP: 9/9
  4422 | D:7      | Reached skill level 8 in Unarmed Combat
  4553 | D:7      | Found a radiant altar of Vehumet.
  4571 | D:7      | Found a staircase to the Ecumenical Temple.
  5324 | D:8      | Reached *** piety under Okawaru
  5324 | D:8      | Reached skill level 5 in Fighting
  5324 | D:8      | Reached skill level 5 in Translocations
  5626 | D:8      | Found a shadowy altar of Dithmenos.
  5962 | D:8      | Reached skill level 9 in Unarmed Combat
  6015 | D:8      | Found a basalt altar of Yredelemnul.
  6406 | D:8      | Reached **** piety under Okawaru
  6406 | D:8      | Reached XP level 10. HP: 40/98 MP: 10/10
  6527 | D:9      | Received a gift from Okawaru
  6587 | D:9      | Noticed a griffon
  6664 | D:9      | Killed a griffon
  6888 | D:9      | Received a gift from Okawaru
  6916 | D:9      | Learned a level 3 spell: Portal Projectile
  6920 | D:9      | Learned a level 3 spell: Teleport Other
  7422 | D:10     | Entered Level 10 of the Dungeon
  7478 | D:10     | Reached ***** piety under Okawaru
  7519 | D:10     | Reached skill level 10 in Unarmed Combat
  8091 | D:10     | Found a staircase to the Lair.
  8130 | D:10     | Received a gift from Okawaru
  8374 | D:9      | Killed an unseen horror
  8374 | D:9      | Reached XP level 11. HP: 88/109 MP: 11/11
  8408 | D:10     | Found a deep blue altar of Sif Muna.
  8640 | D:10     | Received a gift from Okawaru
  8661 | D:10     | Noticed a hill giant
  8756 | D:10     | Killed a hill giant
  8995 | D:11     | Noticed Harold
  9030 | D:11     | Noticed a hill giant
  9105 | D:11     | Noticed a four-headed hydra
  9203 | D:11     | Found a staircase to the Orcish Mines.
  9203 | D:11     | Found Buext's Weapon Boutique.
  9203 | D:11     | Found Vaumy's Armour Boutique.
  9265 | D:11     | Found a frozen archway.
  9289 | D:11     | Reached skill level 11 in Unarmed Combat
  9317 | IceCv    | Entered an ice cave
  9321 | IceCv    | HP: 1/111 [wolf spider simulacrum (7)]
  9321 | IceCv    | Annihilated by a wolf spider simulacrum

Vault maps used:
D:1:      evilmike_arrival_crescent
D:2:      uniq_terence, uniq_sigmund
D:5:      nicolae_overflow_crystal_walls, first_bread, uniq_edmund
D:6:      old_forge, overflow_temple_1_default, lemuel_crystal_altar,
          nicolae_ru_path_of_blood, basic_altar, uniq_prince_ribbit1
D:7:      lemuel_doored_altar, minmay_temple_entry_mist, serial_shops,
          kennysheep_mini_moat
D:8:      grunt_dithmenos_smoke_and_mirrors, lemuel_mausoleum_altar_yredelemnul,
          minmay_misc_feat_four_crosses
D:9:      serial_aquarium, aquarium_bridge_straight, aquarium_window_1,
          aquarium_window_1, aquarium_view_2f, aquarium_pool_side,
          grunt_livestock
D:10:     minmay_lair_entry_grove, basic_altar
D:11:     orc_david_3, portal_ice_cave_entry_imps, grunt_pakellas_basics,
          uniq_psyche, uniq_harold
IceCv:    ice_cave_small_necro

Skill      XL: |  1  2  3  4  5  6  7  8  9 10 11 |
---------------+----------------------------------+-----
Unarmed Combat | 3 4 6 7 9 10 11 | 11.0
Fighting       | 2 3 4 5 7 |  7.8
Translocations | 3 4 5 7 |  7.4
Throwing       | 4 |  4.3
Invocations    | 1 2 |  2.0
Dodging        | |  1.9
Spellcasting   | |  1.2

Action                   |  1- 3 |  4- 6 |  7- 9 | 10-12 || total
-------------------------+-------+-------+-------+-------++-------
Melee: Unarmed           |    93 |   145 |   383 |   312 ||   933
 Fire: Blowgun           |       |       |     2 |       ||     2
Throw: Stone             |       |     3 |    27 |    25 ||    55
       Tomahawk          |       |       |       |    18 ||    18
       Javelin           |       |       |       |     3 ||     3
       Large rock        |       |       |       |     1 ||     1
 Cast: Teleport Other    |       |       |       |     1 ||     1
Invok: Heroism           |       |       |       |     1 ||     1
  Use: Scroll            |       |       |       |    13 ||    13
 Stab: Sleeping          |       |       |     1 |       ||     1
  Eat: Chunk             |    11 |    15 |    40 |    26 ||    92
       Royal jelly       |       |       |     1 |       ||     1
       Beef jerky        |       |       |     1 |       ||     1
